 Dungeon Crawl Stone Soup version 0.30.0-19-g36f170ea60 (webtiles) character file.

Game seed: 2229694401383723815

72 hawla the Firebug (level 4, -4/33 HPs)
             Began as a Meteoran Fire Elementalist on May 30, 2023.
             Killed from afar by Kelyas's ghost (5 damage)
             ... with a magic dart
             ... on level 3 of the Dungeon.
             The game lasted 00:04:46 (530 turns).

hawla the Firebug (Meteoran Fire Elementalist)       Turns: 530, Time: 00:04:46

Health: -4/33      AC:  4    Str:  9    XL:     4   Next: 79%
Magic:  2/10       EV: 12    Int: 19    God:
Gold:   43         SH:  0    Dex: 14    Spells: 2/9 levels left

rFire   . . .        c - +6 quarterstaff of Misery {freeze, rPois}
rCold   . . .        (shield currently unavailable)
rNeg    . . .        a - +0 robe
rPois   +            f - +0 helmet
rElec   .            (no cloak)
rCorr   .            (no gloves)
SInv    .            b - +0 pair of boots
Will    .....        (no amulet)
Stlth   +            (no ring)
HPRegen 0.25/turn    (no ring)
MPRegen 0.12/turn

%: no passive effects
@: about to teleport, flying, very slightly contaminated, glowing
A: sense surroundings 1, otherworldly, glowing, explore regen
a: no special abilities


You were on level 3 of the Dungeon.
You visited 1 branch of the dungeon, and saw 3 of its levels.

You collected 43 gold pieces.

Inventory:

Hand Weapons
 c - the +6 quarterstaff of Misery (weapon) {freeze, rPois}
   (You acquired it on level 3 of the Dungeon)

   rPois:     It protects you from poison.
Armour
 a - a +0 robe (worn)
 b - a +0 pair of boots (worn)
 f - a +0 helmet (worn)
Scrolls
 e - a scroll of identify {unknown}
 i - a scroll of noise {unknown}
Potions
 d - a potion of haste {unknown}
 h - a potion of curing {unknown}


   Skills:
 - Level 2.8 Dodging
 - Level 1.4 Stealth
 - Level 3.4 Spellcasting
 + Level 3.1 Conjurations
 - Level 4.4 Fire Magic


You had 2 spell levels left.
You knew the following spells:

 Your Spells              Type           Power      Damage    Failure   Level
a - Foxfire               Conj/Fire      68%        2x1d7     3%          1
b - Scorch                Fire           40%        2d7       3%          2
c - Flame Wave            Conj/Fire      17%        2d7       30%         4

Your spell library contained the following spells:

 Spells                   Type           Power      Damage    Failure   Level
 Inner Flame              Hex/Fire       11%        N/A       17%         3
 Volatile Blastmotes      Fire/Tloc      22%        2d11      17%         3


Dungeon Overview and Level Annotations

Branches:
Dungeon (3/15) Zot: 1266

Altars:

Annotations:
D:3 Irreverend's ghost, amateur DsFi; Kelyas's ghost, amateur DsCj; Whoops's ghost, weakling DsFi; bronco's ghost, amateur FoVM


Innate Abilities, Weirdness & Mutations

You passively map a small area around you.
You are easily found by Zot.
You glow in the dark.
You regain HP and MP as you explore.


Message History

Casting: Foxfire (safe; 3% risk of failure)
Confirm with . or Enter, or press ? or * to list all spells.
You conjure some foxfire!
You open the gate.
The foxfire hits Kelyas's ghost.
Kelyas's ghost resists.
Kelyas's ghost is lightly damaged.
The foxfire hits Kelyas's ghost.
Kelyas's ghost resists.
Kelyas's ghost is lightly damaged.
Your foxfire dissipates! x2
Casting: Foxfire (safe; 3% risk of failure)
Confirm with . or Enter, or press ? or * to list all spells.
You conjure some foxfire!
Kelyas's ghost gestures at you while chanting.
The magic dart hits you.
Casting: Foxfire (safe; 3% risk of failure)
Confirm with . or Enter, or press ? or * to list all spells.
The spell is extremely dangerous to miscast (30% risk of failure)!
Continue anyway?
Casting: Flame Wave (extremely dangerous; 30% risk of failure)
Press: ? - help, Dir - look around, f - activate You miscast Flame Wave.
The air around you crackles with energy!
The foxfire hits Kelyas's ghost.
Kelyas's ghost resists.
Kelyas's ghost is moderately damaged.
The foxfire hits Kelyas's ghost.
Kelyas's ghost resists.
Kelyas's ghost is moderately damaged.
Kelyas's ghost casts a spell at you. The magic dart hits you.
As you read the scroll of teleportation, it crumbles to dust.
You feel strangely unstable.
Kelyas's ghost whispers, "It is all a dream - a grotesque and foolish dream."
Kelyas's ghost gestures at you while chanting.
The magic dart hits you.
* * * LOW HITPOINT WARNING * * *
Whoops's ghost hits you!
* * * LOW HITPOINT WARNING * * *
It was a potion of flight.
You feel very buoyant.
You fly up into the air.
Kelyas's ghost casts a spell at you. The magic dart hits you.
You die...

, # ##/..## ,
#.##.....## , * *
* #.#.......
###........ ,
,..†.$..... ,
........###### , *
#....#?8$.## , *
#...#....8# *
#..@#W....!
#..WW.....P , *
#...W.....⌠ *
##..'.....P* , *
#..#.....$
########..#....8#*
#.........#.8[.##
* * *
..######..######
## #..##########.


You could see Irreverend's ghost, Kelyas's ghost, Whoops's ghost and bronco's
ghost.

Vanquished Creatures
  Robin (D:2)
  2 adders (D:2)
  A dart slug (D:2)
  A bat (D:1)
  3 endoplasms
  9 goblins
  12 hobgoblins
  A kobold (D:3)
  A quokka (D:2)
  A frilled lizard (D:2)
  3 rats (D:1)
35 creatures vanquished.

Vanquished Creatures (others)
  71 foxfires
71 creatures vanquished.

Grand Total: 106 creatures vanquished

Notes
Turn   | Place    | Note
-------+----------+-------------------------------------------
     0 | D:1      | hawla the Meteoran Fire Elementalist began the quest for
                  | the Orb.
     0 | D:1      | Reached XP level 1. HP: 14/14 MP: 5/5
    79 | D:2      | Found a faded altar of an unknown god.
    82 | D:2      | Reached XP level 2. HP: 20/20 MP: 3/6
    83 | D:2      | Reached skill level 4 in Fire Magic
    90 | D:2      | Reached XP level 3. HP: 23/26 MP: 2/8
    92 | D:2      | Noticed Robin
   120 | D:1      | Learned a level 2 spell: Scorch
   304 | D:2      | Killed Robin
   305 | D:2      | Reached XP level 4. HP: 28/33 MP: 2/10
   312 | D:2      | Learned a level 4 spell: Flame Wave
   455 | D:3      | Identified a scroll of acquirement
   455 | D:3      | Acquired the +6 quarterstaff of Misery {freeze, rPois}
   506 | D:3      | Found a runed translucent gate.
   506 | D:3      | Found a runed translucent gate.
   506 | D:3      | Found a runed translucent gate.
   507 | D:3      | Noticed bronco's ghost (amateur FoVM)
   508 | D:3      | Noticed Kelyas's ghost (amateur DsCj)
   508 | D:3      | Noticed Irreverend's ghost (amateur DsFi)
   508 | D:3      | Noticed Whoops's ghost (weakling DsFi)
   529 | D:3      | HP: 1/33 [Whoops's ghost (7)]
   530 | D:3      | Killed from afar by Kelyas's ghost

Illustrated notes

Levels and vault maps discovered:
D:1:      lemuel_arrival_tunnels, layout_basic, st_stairs_10,
          dreamdust_princess_bridge, nicolae_kite_square_tiling_tiny
D:2:      layout_basic, shapermc_ecumenical_altar_starsandcircs, uniq_robin
D:3:      layout_loops_corners, gammafunk_ghost_cemetery

Skill      XL: |  1  2  3  4 |
---------------+-------------+-----
Fire Magic     | 4 |  4.4
Spellcasting   | 3 |  3.4
Conjurations   | 2 3 |  3.1
Dodging        | |  2.8
Stealth        | |  1.4

Action                     |  1- 3 |  4- 6 || total
---------------------------+-------+-------++-------
  Melee: Unarmed           |     3 |    17 ||    20
         Quarterstaff      |       |     1 ||     1
         Punch             |       |     1 ||     1
   Cast: Foxfire           |    29 |    11 ||    40
         Scorch            |     2 |     1 ||     3
    Use: Scroll            |     2 |     2 ||     4
         Potion            |     1 |     1 ||     2
 Armour: Robe              |     4 |     4 ||     8
  Dodge: Dodged            |     7 |     6 ||    13
